 Dungeon Crawl Stone Soup version 0.24.0-37-gcf1ca852f1 (webtiles) character file.

Game seed: 2216616287024604270, levelgen mode: deterministic

4445 PentaManta the Covert (level 10, -4/51 HPs)
             Began as a Spriggan Fighter on Dec 5, 2019.
             Was a Follower of Uskayaw.
             Slain by a wolf (10 damage)
             ... led by Grum
             ... on level 8 of the Dungeon.
             The game lasted 00:30:55 (13338 turns).

PentaManta the Covert (Spriggan Fighter)           Turns: 13338, Time: 00:30:56

Health: -4/51      AC:  4    Str: 17    XL:     10   Next: 15%
Magic:  11/11      EV: 25    Int: 11    God:    Uskayaw [*.....]
Gold:   222        SH:  8    Dex: 18    Spells: 9/9 levels left

rFire    + . .     SeeInvis +   y - +3 short sword
rCold    + . .     Gourm    .   c - +1 buckler
rNeg     + . .     Faith    .   D - +1 robe "Esedghazia" {rF- rC+ MR- Str+9}
rPois    .         Spirit   .   (helmet restricted)
rElec    .         Reflect  .   B - +0 cloak
rCorr    +         Harm     .   (gloves unavailable)
MR       +....                  (boots unavailable)
Stlth    +++++.....             (no amulet)
HPRegen  0.17/turn              m - ring of protection from magic
MPRegen  0.12/turn              z - ring "Otearas" {rF++ rN+ rCorr Str-4}

@: very quick
A: very small, unfitting armour, see invisible, herbivore, speed 3, slow
metabolism 2
a: Stomp, Renounce Religion


You were on level 8 of the Dungeon.
You worshipped Uskayaw.
Uskayaw was noncommittal.
You were near starving.

You visited 2 branches of the dungeon, and saw 10 of its levels.
You also visited: Sewer.

You collected 469 gold pieces.
You spent 247 gold pieces at shops.

Inventory:

Hand Weapons
 a - a +0 long sword
 p - a +0 dagger of protection
 t - a +1 dagger of venom
 y - a +3 short sword (weapon)
Missiles
 b - 4 poisoned darts (quivered)
Armour
 c - a +1 buckler (worn)
 B - a +0 cloak (worn)
 D - the +1 robe "Esedghazia" (worn) {rF- rC+ MR- Str+9}
   (You bought it in a shop on level 8 of the Dungeon)

   It affects your strength (+9).
   It makes you vulnerable to fire.
   It protects you from cold.
   It affects your resistance to hostile enchantments.
Jewellery
 m - a ring of protection from magic (left hand)
 z - the ring "Otearas" (right hand) {rF++ rN+ rCorr Str-4}
   (You found it on level 7 of the Dungeon)

   [ring of resist corrosion]

   It affects your strength (-4).
   It greatly protects you from fire.
   It protects you from negative energy.
   It provides partial protection from all sources of acid and corrosion.
Wands
 i - a wand of enslavement (9)
 k - a wand of polymorph (3)
Scrolls
 h - 4 scrolls of teleportation
 j - 4 scrolls of remove curse
 o - a scroll of fog
 q - a scroll of magic mapping
 r - 2 scrolls of immolation
 s - 4 scrolls of amnesia
 u - 3 scrolls of identify
 v - a scroll of enchant weapon {unknown}
 w - a scroll of acquirement {unknown}
Potions
 d - 4 potions of might
 e - 2 potions of heal wounds
 g - a potion of flight {unknown}
 l - 3 potions of lignification
 n - 2 potions of haste
 x - 4 potions of curing
 A - a potion of agility
 C - 2 potions of degeneration {unknown}
Comestibles
 f - 5 rations


   Skills:
 + Level 5.5 Fighting
 * Level 7.0 Long Blades
 + Level 9.6 Dodging
 + Level 10.4 Stealth
 + Level 5.0 Shields


You had 9 spell levels left.
You didn't know any spells.
Your spell library contained the following spells:

 Spells                   Type           Power        Failure   Level  Hunger
 Infusion                 Chrm           #...         38%         1    ##.....
 Shroud of Golubria       Chrm/Tloc      #.....       52%         2    ###....
 Song of Slaying          Chrm           #.......     52%         2    ###....
 Regeneration             Chrm/Necr      #.........   77%         3    ####...
 Spectral Weapon          Hex/Chrm       #.......     77%         3    ####...


Dungeon Overview and Level Annotations

Branches:
Dungeon (9/15)             Temple (1/1) D:7           Sewer (visited)
   Lair: D:8-11         Orc: D:9-12

Altars:
Ashenzari
Cheibriados
Dithmenos
Elyvilon
Fedhas
Gozag
Hepliaklqana
Kikubaaqudgha
Makhleb
Nemelex Xobeh
Okawaru
Qazlal
Ru
Sif Muna
Trog
Uskayaw
Vehumet
Wu Jian
Xom
Yredelemnul
Zin
The Shining One

Shops:
D:5 *   D:8 [}!?

Annotations:
D:9 Grum


Innate Abilities, Weirdness & Mutations

You are very small and have problems with some larger weapons.
You are too small for most types of armour.
You have supernaturally acute eyesight. (SInv)
You are a herbivore.
You cover ground extremely quickly.
You need to consume almost no food.


Message History

You throw a poisoned dart. The poisoned dart misses the wolf.
The wolf closely misses you.
Throwing (i - inventory)
b - 6 poisoned darts (quivered)
Press: ? - help, Shift-Dir - straight line, f/p - wolf
Aim: a wolf (heavily wounded)
You throw a poisoned dart. The poisoned dart hits the wolf.
The wolf is poisoned.
The wolf is heavily wounded.
The wolf completely misses you. x2
You can no longer pass through a line of other dancers.
Throwing (i - inventory)
b - 5 poisoned darts (quivered)
Press: ? - help, Shift-Dir - straight line, f/p - wolf
Aim: a wolf (severely wounded, poisoned)
You throw a poisoned dart. The poisoned dart hits the wolf.
The wolf looks even sicker.
The wolf is severely wounded.
The wolf misses you. The wolf bites you!
* * * LOW HITPOINT WARNING * * *
The wolf bites you!
You die...

####...∩.......###..# ##
##.##..#.##.....#∩#..# ##.
#.....##.###....#'#..# ##..
#......#...#....z...## #...
#......###....##....######.)
##.....#.#....###(.....#.)..
######...........##...(.[....(...
#...........##....#.......#....(.
#............##.@......#.###.....
#......#..##....h......####....>.
.......#.##............# #......
.....†...##.......##)..#####...#.
...................##......#.....
...................###.......#...
.............###....#..#.........
.............#####..##.........##
................###..#.∩.#.......


You could see a wolf.

Vanquished Creatures
  Joseph (D:8)
  A hornet (D:7)
  2 hippogriffs (D:8)
  An ice beast (D:7)
  2 black bears (D:8)
  A necrophage (Sewer)
  5 ogres
  3 centaurs
  A wolf (D:8)
  4 big kobolds
  2 bullfrogs
  2 scorpions
  8 killer bees
  4 wights
  4 crimson imps
  2 centaur zombies (D:6)
  3 jellies
  A quasit (D:5)
  9 hounds
  Crazy Yiuf (D:7)
  2 centaur skeletons
  A bullfrog skeleton (D:4)
  2 gnoll shamans
  Terence (D:2)
  9 worker ants
  2 iguanas
  A big kobold zombie (Sewer)
  A hound skeleton (D:6)
  12 adders
  8 gnolls
  2 river rats (D:6)
  5 shadow imps
  5 ufetubi (Sewer)
  5 oozes
  4 worms
  3 dart slugs
  4 leopard geckos
  10 orcs
  9 bats
  3 giant cockroaches
  9 goblins
  7 hobgoblins
  7 jackals (D:4)
  23 kobolds
  4 quokkas
  2 ball pythons
  5 frilled lizards
  A giant cockroach zombie (Sewer)
  A jackal zombie (D:6)
  3 kobold zombies (Sewer)
  A leopard gecko zombie (D:6)
  2 quokka zombies
  13 rats
224 creatures vanquished.

Vanquished Creatures (others)
  2 howler monkeys (D:7)
  A kobold (D:8)
3 creatures vanquished.

Grand Total: 227 creatures vanquished

Notes
Turn   | Place    | Note
-------+----------+-------------------------------------------
     0 | D:1      | PentaManta the Spriggan Fighter began the quest for the
                  | Orb.
     0 | D:1      | Reached XP level 1. HP: 11/11 MP: 2/2
    29 | D:1      | Reached skill level 1 in Stealth
    94 | D:1      | Reached skill level 2 in Stealth
   393 | D:1      | Reached XP level 2. HP: 13/16 MP: 3/3
   536 | D:1      | Reached skill level 3 in Stealth
   836 | D:1      | Reached skill level 4 in Stealth
   898 | D:1      | Reached XP level 3. HP: 16/19 MP: 4/4
  1239 | D:2      | Reached skill level 5 in Stealth
  2149 | D:2      | Noticed Terence
  2165 | D:2      | Reached XP level 4. HP: 23/23 MP: 5/5
  3413 | D:2      | Killed Terence
  3827 | D:2      | Reached skill level 5 in Dodging
  3912 | D:3      | Reached XP level 5. HP: 27/27 MP: 6/6
  5223 | D:4      | Reached skill level 6 in Stealth
  5659 | D:4      | Reached XP level 6. HP: 32/32 MP: 7/7
  5985 | D:5      | Entered Level 5 of the Dungeon
  6463 | D:5      | Found Cewnivoq's Assorted Antiques.
  6490 | D:5      | Bought a scroll labeled DUAWUO USICO for 27 gold pieces
  6490 | D:5      | Bought a scroll labeled VISHIFE TABEDGH for 27 gold pieces
  6513 | D:5      | Reached XP level 7. HP: 12/36 MP: 2/8
  7074 | D:5      | Found an ancient bone altar of Kikubaaqudgha.
  7238 | D:5      | Reached skill level 7 in Stealth
  7823 | D:6      | Found a glowing drain.
  7827 | Sewer    | Entered a sewer
  8182 | Sewer    | Found an ancient bone altar of Kikubaaqudgha.
  8384 | Sewer    | Reached XP level 8. HP: 26/42 MP: 9/9
  8703 | Sewer    | Noticed Grinder
  9146 | D:6      | Reached skill level 8 in Stealth
  9560 | D:6      | Reached skill level 5 in Long Blades
 10332 | D:7      | Reached XP level 9. HP: 39/46 MP: 8/10
 10370 | D:7      | Reached skill level 9 in Stealth
 10757 | D:7      | Got a twitching wooden ring
 11111 | D:7      | Found a staircase to the Ecumenical Temple.
 11120 | Temple   | Entered the Ecumenical Temple
 11383 | Temple   | Became a worshipper of Uskayaw the Reveler
 11444 | D:7      | Reached * piety under Uskayaw
 11568 | D:7      | Found a runed translucent door.
 11569 | D:7      | Noticed Crazy Yiuf
 11583 | D:7      | Killed Crazy Yiuf
 11802 | D:8      | Reached skill level 5 in Fighting
 11843 | D:8      | Found Udghalen's Gadget Boutique.
 11851 | D:8      | Reached ** piety under Uskayaw
 11856 | D:8      | Found Dycwiamy's Magic Scroll Boutique.
 11909 | D:8      | Noticed Joseph
 11922 | D:8      | Reached *** piety under Uskayaw
 11928 | D:8      | Reached **** piety under Uskayaw
 11942 | D:8      | HP: 1/47 [Joseph/+0 quarterstaff (11)]
 11949 | D:8      | Killed Joseph
 11949 | D:8      | Reached skill level 10 in Stealth
 12113 | D:8      | Found Taoll's Antique Armour Shop.
 12141 | D:8      | Bought a slimy robe for 193 gold pieces
 12173 | D:7      | Identified the +1 robe "Esedghazia" {rF- rC+ MR- Str+9}
                  | (You bought it in a shop on level 8 of the Dungeon)
 12361 | D:7      | Identified the ring "Otearas" {rF++ rN+ rCorr Str-4} (You
                  | found it on level 7 of the Dungeon)
 12644 | D:8      | Found Noacell's Distillery.
 12939 | D:7      | Reached XP level 10. HP: 46/51 MP: 11/11
 13107 | D:8      | Reached skill level 5 in Shields
 13284 | D:9      | Noticed Grum
 13338 | D:8      | Slain by a wolf

Levels and vault maps discovered:
D:1:      elethiomel_arrival_maze, layout_rooms, grunt_decor_fettered,
          minivault_24, grunt_decor_arrowhead
D:2:      layout_basic, minmay_tromino_v7, uniq_terence
D:3:      layout_loops_corners, first_ration
D:4:      layout_cave_pools
D:5:      layout_loops_ring, old_standard_altar, serial_shops,
          nicolae_shop_trees
D:6:      layout_cave_pools, gup_sewer_entry_spiral
D:7:      layout_basic, lemuel_temple_firewalk_b, uniq_crazy_yiuf_cottage
D:8:      layout_cave_pools, serial_shops, shop, nicolae_shop_stone,
          kennysheep_mini_moat, nicolae_shop_crystal, uniq_joseph
D:9:      layout_irregular_city, erik_lair_island, hangedman_ranch
          [blue_anna_fruit_fields], uniq_grum
Temple:   roderic_octagonal_lattice_temple

Skill      XL: |  1  2  3  4  5  6  7  8  9 10 |
---------------+-------------------------------+-----
Stealth        | 2 4 5 6 7 8 10 | 10.4
Long Blades    | 2 3 4 5 6 7 |  7.0
Dodging        | 5 6 8 9 |  9.6
Fighting       | 3 4 5 |  5.5
Shields        | 3 4 5 |  5.0

Action                   |  1- 3 |  4- 6 |  7- 9 | 10-12 || total
-------------------------+-------+-------+-------+-------++-------
Melee: Dagger            |   179 |   248 |   182 |       ||   609
       Long sword        |     6 |   119 |   548 |       ||   673
       Short sword       |       |       |     7 |    69 ||    76
Throw: Throwing net      |       |       |     1 |       ||     1
       Dart              |       |       |       |     4 ||     4
Invok: Line Pass         |       |       |     1 |       ||     1
  Use: Scroll            |       |     6 |     9 |       ||    15
       Potion            |       |     1 |     5 |       ||     6
 Stab: Sleeping          |    11 |    13 |    15 |     2 ||    41
       Distracted        |       |     1 |     3 |       ||     4
       Paralysed         |       |       |     1 |       ||     1
  Eat: Ration            |       |     2 |     4 |       ||     6
Armor: Robe              |    12 |    16 |    34 |     1 ||    63
Dodge: Dodged            |   126 |   275 |   641 |    61 ||  1103
Block: Buckler           |    38 |   104 |   347 |    29 ||   518
       Rpst.: Long sword |     5 |    44 |   146 |       ||   195
